 Dungeon Crawl Stone Soup version 0.30.0-30-g96aa6591b8 (webtiles) character file.

Game seed: 9467442261579128279

51 monsoonserge the Insei (level 4, -2/32 HPs)
             Began as a Djinni Transmuter on June 28, 2023.
             Slain by a goblin
             ... wielding a +0 club
             ... led by Robin
              (5 damage)
             ... on level 2 of the Dungeon.
             The game lasted 00:04:04 (1478 turns).

monsoonserge the Insei (Djinni Transmuter)          Turns: 1478, Time: 00:04:05

Health: -2/32      AC:  6    Str:  9    XL:     4   Next: 5%
Gold:   63         EV: 11    Int: 17    God:
                   SH:  3    Dex: 13

rFire   + +          .
                       - Unarmed
rCold   x . .        e - +0 buckler
rNeg    . . .        a - +0 robe
rPois   ∞            (helmet currently unavailable)
rElec   .            (no cloak)
rCorr   .            (no gloves)
SInv    .            (boots unavailable)
Will    .....        (no amulet)
Stlth   +            c - +4 ring of protection
HPRegen 0.25/turn    (no ring)
MPRegen 0.00/turn

%: infuse magic (-3 HP)
@: mighty, appendages (expiring), flying
A: horns 2, flying, sickness immunity, fire resistance 2, cold vulnerability 1,
float, innate caster, HP casting, extra vitality 1
a: End Transformation


You were on level 2 of the Dungeon.
You had temporarily grown beastly horns.
You visited 1 branch of the dungeon, and saw 2 of its levels.

You collected 63 gold pieces.

Inventory:

Hand Weapons
 l - a +0 sling
Armour
 a - a +0 robe (worn)
 e - a +0 buckler (worn)
Jewellery
 c - a +4 ring of protection (left hand)
Scrolls
 d - a scroll of poison {unknown}
 f - 2 scrolls of magic mapping {unknown}
 i - a scroll of enchant weapon {unknown}
 j - 2 scrolls of noise {unknown}
 m - a scroll of identify {unknown}
Potions
 b - a potion of lignification
 g - a potion of might
 h - a potion of magic {unknown}
 k - a potion of invisibility {unknown}


   Skills:
 + Level 1.0 Fighting
 + Level 2.3 Dodging
 * Level 0.6 Shields
 * Level 3.8 Unarmed Combat
 * Level 2.2 Spellcasting


You knew the following spells:

 Your Spells              Type           Power      Damage    Failure   Level
a - Beastly Appendage     Tmut           18%        N/A       12%         1
b - Wereblood             Tmut           9%         N/A       19%         2
c - Spider Form           Tmut/Pois      9%         N/A       34%         3
d - Ice Form              Ice/Tmut       9%         N/A       75%         4
e - Slow                  Hex            36%        N/A       12%         1
Your spell library was empty.

Dungeon Overview and Level Annotations

Branches:
Dungeon (2/15)

Altars:
Hepliaklqana

Annotations:
D:2 Robin, Terence


Innate Abilities, Weirdness & Mutations

You have temporarily grown beastly horns.
You are flying.
You are immune to sickness and miasma.
You are immune to poison.
Your flesh is very heat resistant. (rF++)
You are vulnerable to cold. (rC-)
You float through the air rather than walking.
You learn spells naturally, not from books.
Your magical power is your life essence.
You have superior vitality. (+4 MHP)


Message History

The goblins go into a battle-frenzy!
A goblin comes into view. It is wielding a +0 club.
The goblin closely misses you. Robin throws the goblin at you!
The goblin barely misses you.
You barely miss the goblin.
Robin says, "Kneel, worm!"
Robin throws the goblin at you! You block the goblin's attack.
The goblin hits you with a +1 dagger of draining.
The goblin hits you with a +0 club. The goblin attacks as you move away!
The goblin hits you with a +0 club. Robin throws the goblin at you!
The goblin closely misses you. You block the goblin's attack.
You block Terence's attack. Robin attacks as you move away!
Robin barely misses you.
Your transformation is almost over.
Terence attacks as you move away!
Terence hits you with a +2 flail of protection!
Robin roars a battlecry!
The goblin goes into a battle-frenzy!
You block the goblin's attack.
You hear a shout!
Okay, then.
It was a potion of might.
You feel very mighty all of a sudden. Robin throws the goblin at you!
The goblin completely misses you. The goblin hits you but does no damage.
You block the goblin's attack. Terence closely misses you.
You punch the goblin!
You kill the goblin!
Robin roars a battlecry!
The goblin goes into a battle-frenzy!
The goblin hits you with a +0 club. x2
* * * LOW HITPOINT WARNING * * *
Terence hits you with a +2 flail of protection.
* * * LOW HITPOINT WARNING * * *
You closely miss the goblin.
Robin says, "A pitiful Djinni like you will never find the ORB!"
Robin throws the goblin at you!
* * * LOW HITPOINT WARNING * * *
The goblin hits you with a +0 club.
You die...

####.#### #........##....##.#
#.......# ##.#.###.##.#####.#
#.##.##.# #...###.##.#####.#
#.##....# #.##..^..........#
#####.#####.####.##.##.######....
....#.#####..÷......##.# #.###
###....................# #.###
..#.###.###....ggg?.#### #.#..
#...# #.# ##....@.g.# #.#.#
###.###.# #....@g#.# #♣P.#
###...<## #.####.g.# ##~♣~~
....#.## #........# #~♣~~P #####.
######...# ##~P~# #. #...# ##..#
.. #.g.# ##.# #. #..g# #.# #.
♣♣♣.. #.#


You could see Terence, Robin and 7 goblins.

Vanquished Creatures
  An adder (D:2)
  A dart slug (D:1)
  3 ball pythons
  5 bats
  2 endoplasms
  2 giant cockroaches
  3 hobgoblins
  2 quokkas (D:1)
  A frilled lizard (D:1)
  5 goblins
  6 kobolds
  7 rats
38 creatures vanquished.

Notes
Turn   | Place    | Note
-------+----------+-------------------------------------------
     0 | D:1      | monsoonserge the Djinni Transmuter began the quest for the
                  | Orb.
     0 | D:1      | monsoonserge set off with the following spells memorised:
                  | Beastly Appendage, Wereblood, Spider Form, Ice Form.
     0 | D:1      | Reached XP level 1. HP: 17/17 MP: 0/0
   181 | D:1      | Reached XP level 2. HP: 18/22 MP: 0/0
   272 | D:1      | Found a faded altar of an unknown god.
   597 | D:1      | Reached XP level 3. HP: 19/27 MP: 0/0
   597 | D:1      | Learned a level 1 spell: Slow
   992 | D:2      | Noticed Robin
  1327 | D:2      | Reached XP level 4. HP: 28/32 MP: 0/0
  1341 | D:2      | Found a hazy altar of Hepliaklqana.
  1465 | D:2      | Noticed Terence
  1478 | D:2      | Slain by a goblin

Illustrated notes

Levels and vault maps discovered:
D:1:      lightli_molten_gateway, layout_loops_corners,
          dreamdust_ecumenical_altar_grove
D:2:      layout_loops_cross, basic_altar, serial_bayou, serial_bayou_lagoon_b,
          serial_bayou_pond_d, serial_bayou_crossing, serial_bayou_pond_e,
          chequers_serial_rivers_small_b, minmay_statues_item, uniq_robin,
          uniq_terence

Skill      XL: |  1  2  3 |
---------------+----------+-----
Spellcasting   | 2 |  2.2
Fighting       | |  1.0
Dodging        | |  2.3
Shields        | |  0.6
Unarmed Combat | |  3.8

Action                     |  1- 3 |  4- 6 || total
---------------------------+-------+-------++-------
  Melee: Unarmed           |   150 |    12 ||   162
         Headbutt          |    15 |       ||    15
   Cast: Beastly Appendage |    28 |     1 ||    29
    Use: Potion            |       |     1 ||     1
   Stab: Sleeping          |     3 |       ||     3
 Armour: Robe              |    53 |     4 ||    57
  Dodge: Dodged            |    93 |    12 ||   105
  Block: Buckler           |    12 |     5 ||    17
